 Dungeon Sprint DCSS version 0.23-a0-183-gf37f6fb (webtiles) character file.

16100000 namelastname112 the Formicid Barricade (level 27, -19/248 (249) HPs)
             Began as a Formicid Fighter on Sept 23, 2018.
             Was the Champion of Makhleb.
             Killed from afar by an observer (35 damage)
             ... with a fireball
             ... in the Dungeon (Sprint VIII: "Arena of Blood").
             The game lasted 00:04:57 (161 turns).

namelastname112 the Formicid Barricade (FoFi)        Turns: 161, Time: 00:04:57

HP:   -19/248 (249) AC: 13    Str: 24    XL:     27
MP:   54/54         EV: 31    Int:  9    God:    Makhleb [******]
Gold: 0             SH: 19    Dex: 19    Spells: 80/80 levels left

rFire    . . .     SeeInvis +   k - +โˆž Axe of Woe
rCold    . . .     Gourm    .   b - +0 shield
rNeg     . . .     Faith    .   a - +0 scale mail
rPois    .         Spirit   .   (helmet unavailable)
rElec    .         Reflect  .   (no cloak)
rCorr    .         Harm     .   (no gloves)
MR       ++...                  (no boots)
Stlth    ++++++++..             (no amulet)
HPRegen  0.51/turn              (no ring)
MPRegen  0.34/turn              (no ring)

@: lethally poisoned (-19 -> -25), drained
A: permanent stasis, dig shafts and tunnels, four strong arms, antennae 3
a: Dig, Minor Destruction, Lesser Servant of Makhleb, Major Destruction, Greater
Servant of Makhleb, Renounce Religion


You were in the Dungeon.
You worshipped Makhleb.
Makhleb was exalted by your worship.
You were not hungry.

You visited 1 branch

Inventory:

Hand Weapons
 k - the +โˆž Axe of Woe (weapon)
   (You found it in the Dungeon)
Armour
 a - a +0 scale mail (worn)
 b - a +0 shield (worn)
Scrolls
 j - a scroll of blinking
Potions
 c - a potion of might
 e - a potion of curing
 f - a potion of heal wounds
 g - a potion of haste
 h - 2 potions of magic
 i - a potion of berserk rage
Comestibles
 d - a ration


   Skills:
 O Level 27(25.8) Fighting
 O Level 27(25.8) Axes
 O Level 27(25.8) Throwing
 O Level 27(25.8) Armour
 O Level 27(25.8) Dodging
 O Level 27(25.8) Stealth
 O Level 27(25.8) Shields
 O Level 27(25.8) Unarmed Combat
 O Level 27(25.8) Spellcasting
 O Level 27(25.8) Invocations


You had 80 spell levels left.
You didn't know any spells.
Your spell library was empty.

Dungeon Overview and Level Annotations

Branches:
Dungeon (1/1)

Altars:
Makhleb

Annotations:
D The Meatlord


Innate Abilities, Weirdness & Mutations

You cannot be hasted, slowed, berserked, paralysed or teleported.
You can dig through walls and to a lower floor.
Your four strong arms can wield two-handed weapons with a shield.
You have a pair of large antennae on your head. (SInv)


Message History

You slice the Tzitzimitl!!
You pulverise the Tzitzimitl into a thin bloody mist.
You kill the Tzitzimitl!
You feel sick.
You hear an angry hiss.
You hear a shout!
An observer comes into view.
The Tzitzimitl gestures at you.
The bolt of negative energy hits The Meatlord.
The Meatlord completely resists.
The bolt of negative energy hits you!
You feel drained.
* * * LOW HITPOINT WARNING * * *
A bag of meat comes into view. It is wielding a +9 war axe.
The eight-headed meat hydra calls on the powers of darkness!
The eight-headed meat hydra convulses!
The meat berserker convulses!
The observer convulses!
The meat berserker convulses!
The bag of meat convulses! x2; Your body is wracked with pain!
* * * LOW HITPOINT WARNING * * *
The observer gazes at you.
The fireball explodes!
The fireball engulfs you!
You die... .o..... {{. {.....{{{{ {#.. ....#{{ { {#.{{o...#{ ooo

o###.. ...###OGM
....2.###...O..D.
o.oo1&_)))..oWW.
#..)@)#ยง .
#_.<)_# .
....#.))G)#....
......)_)....{.o
......###.......
.###.. ...###..
#.. ...# . #.
...# .. ..... {


You could see The Meatlord, a Tzitzimitl, a meat beast, an eight-headed meat
hydra, 2 observers, 2 wretched souls, 2 meat berserkers and 5 bags of meat.

Vanquished Creatures
  7 hell knights (D)
  12 hell beasts (D)
  10 greater mummies (D)
  4 great orbs of eyes (D)
  7 wraiths (D)
  12 vampire knights (D)
  33 ogres (D)
  5 two-headed ogres (D)
  7 liches (D)
  2 hydras (D)
  63 orcs (D)
  5 phantoms (D)
  7 skeletal warriors (D)
  3 sea snakes (D)
  9 large abominations (D)
  7 small abominations (D)
  10 crawling corpses (D)
203 creatures vanquished.

Vanquished Creatures (others)
  2 crawling corpses (D)
2 creatures vanquished.

Grand Total: 205 creatures vanquished

Notes
Turn   | Place    | Note
-------+----------+-------------------------------------------
     0 | D        | Found the +โˆž Axe of Woe
     0 | D        | namelastname112 the Formicid Fighter began the quest for
                  | the Orb.
     0 | D        | Reached XP level 1. HP: 18/18 MP: 1/1
     2 | D        | Noticed a bag of meat
     4 | D        | Became a worshipper of Makhleb the Destroyer
     4 | D        | Noticed a bag of meat
     5 | D        | Noticed a bag of meat
     5 | D        | Noticed a bag of meat
     6 | D        | Noticed a meat berserker
     7 | D        | Noticed a bag of meat
     8 | D        | Killed a meat berserker
     8 | D        | Reached skill level 10 in Unarmed Combat
     8 | D        | Reached XP level 2. HP: 51/51 MP: 2/2
     8 | D        | Reached XP level 3. HP: 58/58 MP: 3/3
     8 | D        | Reached XP level 4. HP: 65/65 MP: 4/4
     8 | D        | Reached XP level 5. HP: 72/72 MP: 5/5
     8 | D        | Reached XP level 6. HP: 79/79 MP: 6/6
     8 | D        | Reached XP level 7. HP: 85/85 MP: 7/7
     8 | D        | Reached XP level 8. HP: 93/93 MP: 8/8
     8 | D        | Reached XP level 9. HP: 99/99 MP: 9/9
     8 | D        | Reached XP level 10. HP: 107/107 MP: 10/10
     8 | D        | Reached XP level 11. HP: 113/113 MP: 11/11
     8 | D        | Reached XP level 12. HP: 120/120 MP: 12/12
     8 | D        | Reached XP level 13. HP: 127/127 MP: 13/13
     8 | D        | Noticed a meat berserker
     9 | D        | Killed a bag of meat
     9 | D        | Reached * piety under Makhleb
     9 | D        | Reached XP level 14. HP: 138/138 MP: 14/14
    10 | D        | Killed a bag of meat
    10 | D        | Reached XP level 15. HP: 148/148 MP: 15/15
    10 | D        | Reached ** piety under Makhleb
    10 | D        | Reached skill level 10 in Axes
    10 | D        | Reached XP level 16. HP: 161/161 MP: 16/16
    11 | D        | Killed a meat berserker
    11 | D        | Reached skill level 27 in Shields
    11 | D        | Reached skill level 27 in Fighting
    11 | D        | Reached XP level 17. HP: 174/174 MP: 17/17
    12 | D        | Noticed a meat berserker
    14 | D        | Killed a meat berserker
    14 | D        | Reached *** piety under Makhleb
    14 | D        | Reached skill level 27 in Armour
    14 | D        | Reached XP level 18. HP: 182/182 MP: 18/18
    17 | D        | Reached **** piety under Makhleb
    17 | D        | Reached skill level 27 in Axes
    18 | D        | Reached XP level 19. HP: 189/189 MP: 19/19
    21 | D        | Reached skill level 27 in Unarmed Combat
    21 | D        | Reached skill level 10 in Invocations
    21 | D        | Reached XP level 20. HP: 197/197 MP: 19/33
    22 | D        | Reached ***** piety under Makhleb
    22 | D        | Reached skill level 10 in Dodging
    23 | D        | Reached skill level 15 in Stealth
    27 | D        | Noticed a destroyer
    28 | D        | Reached skill level 15 in Throwing
    28 | D        | Reached skill level 15 in Spellcasting
    28 | D        | Reached XP level 21. HP: 204/204 MP: 20/40
    28 | D        | Noticed a meat berserker
    31 | D        | Killed a destroyer
    31 | D        | Noticed a destroyer
    31 | D        | Noticed a destroyer
    33 | D        | Noticed a meat berserker
    34 | D        | Killed a meat berserker
    34 | D        | Reached XP level 22. HP: 212/212 MP: 21/45
    36 | D        | Killed a destroyer
    37 | D        | Killed a destroyer
    37 | D        | Reached ****** piety under Makhleb
    37 | D        | Reached skill level 27 in Stealth
    37 | D        | Reached skill level 27 in Invocations
    37 | D        | Reached XP level 23. HP: 219/219 MP: 22/50
    47 | D        | Noticed a tyrant
    48 | D        | Reached skill level 27 in Throwing
    48 | D        | Reached skill level 27 in Dodging
    48 | D        | Reached skill level 27 in Spellcasting
    48 | D        | Reached XP level 24. HP: 227/227 MP: 25/54
    51 | D        | Killed a tyrant
    51 | D        | Noticed a large bag of meat
    56 | D        | Reached XP level 25. HP: 234/234 MP: 28/54
    59 | D        | Noticed an accursed
    60 | D        | Noticed a destroyer
    60 | D        | Noticed a dread
    61 | D        | Killed a large bag of meat
    62 | D        | Killed a dread
    62 | D        | Reached XP level 26. HP: 233/242 MP: 29/54
    62 | D        | Noticed a destroyer
    63 | D        | Reached XP level 27. HP: 249/249 MP: 30/54
    64 | D        | Killed a destroyer
    64 | D        | Noticed an accursed
    65 | D        | Noticed a dread
    65 | D        | Noticed a dread
    68 | D        | Killed a destroyer
    69 | D        | Noticed a meat beast
    72 | D        | Killed a dread
    75 | D        | Killed a dread
    75 | D        | Killed a meat beast
    77 | D        | Killed an accursed
    78 | D        | Noticed an accursed
    79 | D        | Noticed a meat beast
    79 | D        | Noticed an accursed
    80 | D        | Noticed a large bag of meat
    80 | D        | Killed an accursed
    83 | D        | Killed a meat beast
    86 | D        | Noticed a meat beast
    88 | D        | Noticed a meat beast
    90 | D        | Killed a meat beast
    90 | D        | Noticed a meat beast
    91 | D        | Noticed a dread
    92 | D        | Noticed a large bag of meat
    93 | D        | Killed a meat beast
    93 | D        | Noticed an accursed
    93 | D        | Noticed an accursed
    94 | D        | Killed a large bag of meat
    94 | D        | Noticed a tyrant
    96 | D        | Noticed a tyrant
    97 | D        | Noticed a destroyer
    98 | D        | Noticed a tyrant
   100 | D        | Killed a meat beast
   100 | D        | Noticed a meat beast
   101 | D        | Killed an accursed
   103 | D        | Killed an accursed
   103 | D        | Noticed a tyrant
   105 | D        | Killed a tyrant
   105 | D        | Killed an accursed
   105 | D        | Killed a large bag of meat
   107 | D        | Noticed a destroyer
   107 | D        | Noticed a meat beast
   107 | D        | Noticed a meat beast
   107 | D        | Killed a meat beast
   107 | D        | Noticed a meat beast
   107 | D        | Noticed a destroyer
   108 | D        | Noticed a meat beast
   108 | D        | Killed an accursed
   108 | D        | Killed a meat beast
   108 | D        | Noticed a meat beast
   109 | D        | Noticed a tyrant
   110 | D        | Noticed a destroyer
   110 | D        | Noticed a tyrant
   110 | D        | Noticed a large bag of meat
   111 | D        | Killed a tyrant
   111 | D        | Noticed a large bag of meat
   112 | D        | Killed a meat beast
   112 | D        | Noticed an accursed
   113 | D        | Killed a meat beast
   114 | D        | Killed a dread
   116 | D        | Killed a meat beast
   116 | D        | Noticed a destroyer
   117 | D        | Killed a destroyer
   117 | D        | Killed a destroyer
   119 | D        | Killed a meat beast
   119 | D        | Noticed a fleshlord
   120 | D        | Killed a destroyer
   120 | D        | Killed a destroyer
   120 | D        | Noticed an accursed
   121 | D        | Noticed a fleshlord
   123 | D        | Noticed a fleshlord
   125 | D        | Killed a tyrant
   126 | D        | Killed a tyrant
   126 | D        | Noticed a fleshlord
   127 | D        | Noticed an accursed
   128 | D        | Killed a fleshlord
   130 | D        | Killed a fleshlord
   130 | D        | Noticed an accursed
   130 | D        | Noticed a destroyer
   131 | D        | Killed a tyrant
   131 | D        | Killed a large bag of meat
   133 | D        | Killed a tyrant
   134 | D        | Killed a fleshlord
   134 | D        | Killed a large bag of meat
   134 | D        | Noticed a fleshlord
   135 | D        | Killed a destroyer
   136 | D        | Killed a destroyer
   137 | D        | Killed an accursed
   138 | D        | Noticed a fleshlord
   139 | D        | Killed an accursed
   140 | D        | Noticed a destroyer
   141 | D        | Noticed a meat beast
   142 | D        | Killed a fleshlord
   142 | D        | Noticed a dread
   142 | D        | Noticed a dread
   143 | D        | Noticed an accursed
   144 | D        | Killed a destroyer
   146 | D        | Noticed a fleshlord
   147 | D        | Killed an accursed
   148 | D        | Killed a fleshlord
   148 | D        | Noticed a dread
   149 | D        | Noticed a fleshlord
   151 | D        | Killed an accursed
   151 | D        | Killed a dread
   153 | D        | Killed a dread
   153 | D        | Noticed The Meatlord
   155 | D        | Killed a fleshlord
   155 | D        | Killed a fleshlord
   156 | D        | Noticed a meat beast
   158 | D        | Killed a meat beast
   160 | D        | Noticed a meat beast
   160 | D        | Killed a dread
   160 | D        | Noticed a meat beast
   161 | D        | Killed from afar by an observer

Vault maps used:
D:        meatsprint

Skill      XL: |  1  2  3  4  5  6  7  8  9 10 11 12 13 14 15 16 17 18 19 20 21 22 23 |
---------------+----------------------------------------------------------------------+-----
Fighting       | 19 21 22 24 27 | 27.0
Axes           | 6 8 10 14 21 27 | 27.0
Armour         | 19 20 21 23 26 27 | 27.0
Shields        | 20 22 23 26 27 | 27.0
Unarmed Combat | 10 11 12 14 17 24 27 | 27.0
Throwing       | 9 15 19 23 27 | 27.0
Dodging        | 8 14 18 22 27 | 27.0
Stealth        | 11 19 24 27 | 27.0
Spellcasting   | 9 15 19 23 27 | 27.0
Invocations    | 10 17 22 27 | 27.0

Action                   |  1- 3 |  4- 6 |  7- 9 | 10-12 | 13-15 | 16-18 | 19-21 | 22-24 | 25-27 || total
-------------------------+-------+-------+-------+-------+-------+-------+-------+-------+-------++-------
Melee: Executioner's axe |     1 |       |       |       |     2 |     5 |     8 |     8 |    88 ||   112
Armor: Scale mail        |       |       |       |       |       |       |       |       |     2 ||     2
Dodge: Dodged            |       |       |       |       |       |       |     1 |       |     6 ||     7
Block: Shield            |       |       |       |       |     2 |     1 |       |       |     5 ||     8

Table legend:
 A = Non-vault XP
 B = Vault XP
 C = Vault XP percentage of total XP
 D = Non-vault monster count
 E = Vault monster count
 F = Vault count percentage of total count
                 A         B        C        D         E       F
            +---------+---------+-------+---------+---------+-------
      Total | 5499659 | 1305495 |  19.2 |     115 |      72 |  38.5
            +---------+---------+-------+---------+---------+-------
          D | 5499659 | 1305495 |  19.2 |     115 |      72 |  38.5
            +---------+---------+-------+---------+---------+-------
